 Dungeon Crawl Stone Soup version 0.30-a0-719-gcc4359ea44 (webtiles) character file.

Game seed: 16466259531188254782

139692 Flugkiller the Spry (level 17, -3/125 HPs)
             Began as an Octopode Delver on Jan 26, 2023.
             Was the Champion of Nemelex Xobeh.
             Slain by a demonic crawler (7 damage)
             ... on level 2 of the Spider Nest.
             The game lasted 00:52:22 (32821 turns).

Flugkiller the Spry (Octopode Delver)              Turns: 32821, Time: 00:52:23

Health: -3/125     AC:  5    Str: 18    XL:     17   Next: 29%
Magic:  32/32      EV: 30    Int: 17    God:    Nemelex Xobeh [******]
Gold:   2840       SH: 29    Dex: 29    Spells: 16/16 levels left

rFire   + + +      SeeInvis +    P - +9 scimitar (elec)
rCold   + + .      Faith    +    y - +8 tower shield {rC+}
rNeg    . . .      Spirit   .    (helmet restricted)
rPois   +          Reflect  .    Q
                                   - Hermit's Pendant {Faith Invo=14 Evo=0 MP+5}
rElec   .          Harm     .    i - +6 ring of intelligence
rCorr   +          Rampage  .    L - ring of resist corrosion
Will    +....                    B - +6 ring of dexterity
Stlth   ++++++                   T - ring "Zuake" {Wiz Fly Dex+3}
HPRegen 0.40/turn                p - ring of protection from cold
MPRegen 0.23/turn                Z - ring "Udeu" {rPois SInv}
                                 W - ring "Motweodish" {rPois rF+++ Str+7 Int-3 SInv}
                                 r - +4 ring of protection

@: flying, studying Staves
A: almost no armour, amphibious, 8 rings, camouflage 1, gelatinous body 1,
(nimble swimmer 1), tentacles, beak, MP-powered wands, noise suppression
a: Renounce Religion, Draw Escape, Draw Destruction, Draw Summoning, Triple
Draw, Deal Four, Stack Five


You were on level 2 of the Spider Nest.
You worshipped Nemelex Xobeh.
Nemelex Xobeh was exalted by your worship.
You visited 4 branches of the dungeon, and saw 25 of its levels.
You also visited: Sewer and Ice Cave.

You collected 3807 gold pieces.
You spent 967 gold pieces at shops.

Inventory:

Hand Weapons
 s - the +1 whip "Qus Fiom" {spect, rC+ MP+9}
   (You found it on level 2 of the Spider Nest)

   rC:        It protects you from cold.
   MP:        It affects your magic capacity (+9).
 C - a +2 vampiric dagger
   (You took it off a goblin on level 1 of the Dungeon)
 P - a +9 scimitar of electrocution (weapon)
   (You took it off a wight on level 8 of the Dungeon)
 X - a +2 scimitar of flaming
   (You took it off an efreet on level 13 of the Dungeon)
Missiles
 k - 28 boomerangs (quivered)
 G - 33 poisoned darts
 I - 3 throwing nets
 Y - 2 curare-tipped darts
Armour
 y - a +8 tower shield of cold resistance (worn)
   (You found it in an ice cave)
Jewellery
 i - a +6 ring of intelligence (left tentacle)
   (You found it on level 12 of the Dungeon)
 p - a ring of protection from cold (on tentacle)
   (You found it on level 3 of the Lair of Beasts)
 r - a +4 ring of protection (on tentacle)
   (You found it on level 2 of the Orcish Mines)
 u - an amulet of guardian spirit
   (You found it on level 2 of the Dungeon)
 B - a +6 ring of dexterity (on tentacle)
   (You bought it in a shop on level 7 of the Dungeon)
 J - a ring of wizardry
   (You found it on level 6 of the Dungeon)
 L - a ring of resist corrosion (right tentacle)
   (You found it on level 6 of the Dungeon)
 Q - the Hermit's Pendant (around mantle) {Faith Invo=14 Evo=0 MP+5}
   (You acquired it on level 4 of the Lair of Beasts)

   [amulet of faith]

   Invo=14: It sets your Invocations skill to 14.
   Evo=0: It sets your Evocations skill to 0.
   It allows you to gain divine favour quickly.
   MP:        It affects your magic capacity (+5).
 R - an amulet of the acrobat
   (You found it on level 4 of the Lair of Beasts)
 T - the ring "Zuake" (on tentacle) {Wiz Fly Dex+3}
   (You found it on level 8 of the Dungeon)

   [ring of wizardry]

   It improves your spell success rate.
   Dex:       It affects your dexterity (+3).
   Fly:       It grants you flight.
 V - an amulet of regeneration
   (You took it off a centaur on level 11 of the Dungeon)
 W - the ring "Motweodish" (on tentacle) {rPois rF+++ Str+7 Int-3 SInv}
   (You found it on level 12 of the Dungeon)

   [ring of see invisible]

   Str:       It affects your strength (+7).
   Int:       It affects your intelligence (-3).
   rF:        It renders you almost immune to fire.
   rPois:     It protects you from poison.
   SInv:      It lets you see invisible.
 Z - the ring "Udeu" (on tentacle) {rPois SInv}
   (You bought it in a shop on level 7 of the Dungeon)

   [ring of see invisible]

   rPois:     It protects you from poison.
   SInv:      It lets you see invisible.
Wands
 f - a wand of digging (10)
 j - a wand of flame (67)
   (You took it off Crazy Yiuf on level 7 of the Dungeon)
 v - a wand of light (5)
   (You found it on level 3 of the Lair of Beasts)
 O - a wand of mindburst (23)
   (You found it on level 8 of the Dungeon)
 S - a wand of roots (27)
   (You took it off Psyche on level 8 of the Dungeon)
Scrolls
 b - 3 scrolls of fog
 c - 7 scrolls of magic mapping
 e - a scroll of butterflies
 g - 7 scrolls of poison
 l - 5 scrolls of vulnerability
 o - 2 scrolls of immolation
 t - 2 scrolls of teleportation
 z - a scroll of blinking
 N - a scroll of fear
Potions
 a - 3 potions of berserk rage
 d - 4 potions of might
 h - 4 potions of haste
 m - 7 potions of flight
 n - 2 potions of resistance
 q - 7 potions of curing
 w - 5 potions of heal wounds
 x - 3 potions of lignification
 A - 2 potions of magic
 D - 2 potions of cancellation
 E - 5 potions of mutation
 F - 5 potions of brilliance
 M - a potion of ambrosia
 U - a potion of attraction
Miscellaneous
 H - a piece from Xom's chessboard (15/15)
   (You found it on level 4 of the Dungeon)
 K - a phantom mirror
   (You found it on level 3 of the Lair of Beasts)


   Skills:
 - Level 14.0 Fighting
 - Level 6.0(10.5) Short Blades
 - Level 13.4(14.0) Long Blades
 - Level 18.0 Dodging
 - Level 8.0 Stealth
 + Level 12.4 Shields
 - Level 10.0(14.0) Invocations
 - Level 4.0(0.0) Evocations


You had 16 spell levels left.
You didn't know any spells.
Your spell library contained the following spells:

 Spells                   Type           Power      Damage    Failure   Level
 Apportation              Tloc           0%         N/A       41%         1
 Foxfire                  Conj/Fire      0%         2x1d4     41%         1
 Necrotise                Necr           0%         1d4       41%         1
 Sandblast                Erth           0%         2d4       41%         1
 Summon Small Mammal      Summ           0%         N/A       41%         1
 Passwall                 Tmut/Erth      0%         N/A       52%         2
 Dazzling Flash           Conj/Hex       0%         N/A       77%         3
 Hailstorm                Conj/Ice       0%         3d3       77%         3
 Ignite Poison            Fire/Tmut/Pois 0%         N/A       77%         3
 Inner Flame              Hex/Fire       0%         N/A       77%         3
 Kindle Blastsparks       Fire/Tloc/Air  0%         2d10      77%         3
 Stone Arrow              Conj/Erth      0%         3d7       77%         3
 Vampiric Draining        Necr           0%         2d6       77%         3
 Cause Fear               Hex            0%         N/A       98%         4
 Ice Form                 Ice/Tmut       0%         N/A       98%         4
 Manifold Assault         Tloc           0%         N/A       98%         4
 Olgreb's Toxic Radiance  Pois           0%         N/A       98%         4
 Summon Lightning Spire   Summ/Air       0%         N/A       98%         4
 Agony                    Necr           0%         N/A       100%        5
 Fireball                 Conj/Fire      0%         3d3       100%        5
 Freezing Cloud           Conj/Ice/Air   0%         6-21      100%        5
 Silence                  Hex/Air        0%         N/A       100%        5
 Dispersal                Tloc           0%         N/A       100%        6
 Simulacrum               Ice/Necr       0%         N/A       100%        6
 Starburst                Conj/Fire      0%         6d3       100%        6
 Ozocubu's Refrigeration  Ice            0%         4d7       100%        7
 Storm Form               Tmut/Air       0%         N/A       100%        7
 Discord                  Hex            0%         N/A       100%        8
 Disjunction              Tloc           0%         N/A       100%        8
 Ignition                 Fire           0%         3d3       100%        8
 Maxwell's Capacitive Co  Air            0%         ∞         100%        8


Dungeon Overview and Level Annotations

Branches:
Dungeon (15/15) Zot: 25520  Temple (0/1) D:7            Lair (5/5) D:11 Zot: 23071
 Shoals (0/4) Lair:2       Spider (3/4) Lair:2 Zot: 15185   Slime (0/5) Lair:4
    Orc (2/2) D:9 Zot: 10302     Elf (0/3) Orc:2        Vaults (0/5) D:13
 Depths (0/4) D:15          Sewer (visited)           IceCv (visited)

Altars:
Ashenzari
Dithmenos
Fedhas
Gozag
Makhleb
Nemelex Xobeh
Okawaru
Qazlal
Sif Muna
Uskayaw
Xom
Yredelemnul
The Shining One

Shops:
D:7 =   Orc:2 (*?

Annotations:
D:3 Grinder
D:7 Joseph
D:8 exclusions: player ghost, troll and 1 more exclusion, mopl's ghost, novice MiDe
D:9 exclusion: orange demon, Amaemon
D:10 1 runed translucent door, exclusion: two-headed ogre, PaleRider's ghost, journeyman TrFi
D:12 3 runed translucent doors, Cooqonn's ghost, journeyman DsVM; Flippered's ghost, journeyman GrFE; Jorgrun
Lair:5 exclusion: hydra
Spider:2 Roxanne
Spider:3 exclusion: upstairs


Innate Abilities, Weirdness & Mutations

You cannot wear most types of armour.
You are amphibious.
You can wear up to eight rings at the same time.
Your skin changes colour to match your surroundings (Stealth+).
Your rubbery body absorbs attacks. (AC +1, EV +1)
((You are camouflaged when in or above water. (Stealth+)))
You have tentacles for arms and can constrict up to eight enemies at once.
You have a beak for a mouth.
You expend magic power (3 MP) to strengthen your wands.
You passively dampen the noise of your surroundings.


Message History

The demonic crawler completely misses you. x2
You hit the demonic crawler but do no damage.
Lightning courses through the demonic crawler!
You squeeze the demonic crawler.
You kill the demonic crawler!
You block the demonic crawler's attack. x2
The demonic crawler hits you but does no damage.
You slash the demonic crawler!
Lightning courses through the demonic crawler!!
You peck the demonic crawler, but do no damage.
You squeeze the demonic crawler!
The demonic crawler is severely wounded.
You block the demonic crawler's attack. x2; The demonic crawler misses you.
A demonic crawler comes into view.
You block the demonic crawler's attack. x3
You slash the demonic crawler!
Lightning courses through the demonic crawler!
Your peck misses the demonic crawler. You squeeze the demonic crawler!
You kill the demonic crawler!
You block the demonic crawler's attack. x2
The demonic crawler barely misses you.
A shadow imp comes into view.
You block the demonic crawler's attack. x3
You hit the demonic crawler.
You peck the demonic crawler, but do no damage.
You squeeze the demonic crawler, but do no damage.
The demonic crawler is lightly wounded.
You block the demonic crawler's attack. x3
You barely miss the demonic crawler.
You peck the demonic crawler, but do no damage.
You squeeze the demonic crawler.
The demonic crawler is lightly wounded.
You block the demonic crawler's attack. x3
You slice the demonic crawler!!
Lightning courses through the demonic crawler!!
The demonic crawler is severely wounded.
You block the demonic crawler's attack. The demonic crawler barely misses you.
You block the demonic crawler's attack.
The demonic crawler hits you but does no damage.
The demonic crawler completely misses you. x2
You closely miss the demonic crawler.
You peck the demonic crawler, but do no damage.
The demonic crawler is heavily wounded.
You block the demonic crawler's attack. x3
You hit the demonic crawler. You squeeze the demonic crawler!
The demonic crawler is severely wounded.
You block the demonic crawler's attack. x3
The demonic crawler closely misses you. The demonic crawler hits you!
The demonic crawler completely misses you. x2
The demonic crawler misses you. The demonic crawler hits you!
You are too injured to fight recklessly!
You are too injured to fight recklessly!
You closely miss the demonic crawler.
You peck the demonic crawler, but do no damage.
The demonic crawler is heavily wounded.
You block the demonic crawler's attack. x2; The demonic crawler hits you!
The demonic crawler barely misses you.
The demonic crawler completely misses you. x2
You block the demonic crawler's attack.
The demonic crawler completely misses you.
You block the demonic crawler's attack.
You slash the demonic crawler! Your peck misses the demonic crawler.
The demonic crawler is severely wounded.
You block the demonic crawler's attack. x3
The demonic crawler closely misses you. The demonic crawler misses you.
You block the demonic crawler's attack.
The demonic crawler completely misses you.
The demonic crawler misses you. The demonic crawler closely misses you.
The demonic crawler misses you.
The demonic crawler completely misses you. x2
You hit the demonic crawler.
Lightning courses through the demonic crawler!
You peck the demonic crawler, but do no damage.
The demonic crawler is heavily wounded.
You block the demonic crawler's attack.
The demonic crawler closely misses you. x2
You block the demonic crawler's attack. The demonic crawler hits you.
You block the demonic crawler's attack. The demonic crawler misses you.
You block the demonic crawler's attack.
The demonic crawler completely misses you.
The demonic crawler closely misses you.
The demonic crawler completely misses you. x3
The demonic crawler closely misses you.
The demonic crawler completely misses you.
You slash the demonic crawler!
The demonic crawler is severely wounded.
The demonic crawler barely misses you.
You block the demonic crawler's attack. x2
The demonic crawler misses you. You block the demonic crawler's attack.
The demonic crawler completely misses you. x2
The demonic crawler closely misses you. You block the demonic crawler's attack.
You hit the demonic crawler.
The demonic crawler is severely wounded.
You block the demonic crawler's attack. x4
The demonic crawler completely misses you.
The demonic crawler hits you. The demonic crawler hits you! x2
* * * LOW HITPOINT WARNING * * *
The demonic crawler hits you!
* * * LOW HITPOINT WARNING * * *
The demonic crawler hits you!
You die...
Your body glows slightly and disappears.

###≈.. ##### #≈≈#..
≈≈..≈# #≈≈~..
≈.....## ##≈~..
§.§§.≈.# #≈≈~.~
..§≈§..## ##≈≈~~
.§§.5≈# ##≈≈.
#≈ss## ##.. #s@≈#
#.. ###≈.≈# ##.
#....≈# ### ##
#....####.### #.
#...........# ##
#..........### #
#............# #
###..........######
###......#..#...#


You could see 3 demonic crawlers and a shadow imp.

Vanquished Creatures
  Saint Roka (Orc:2)
  Kirke (Lair:4)
  A stone giant (D:15)
  A white draconian (IceCv)
  A spark wasp (Spider:3)
  Snorg (D:13)
  3 entropy weavers
  The ghost of Ge0ff the Thaumaturge, a journeyman DECA of Ignis (Orc:2)
  A great orb of eyes (Lair:5)
  4 hydras
  A catoblepas (D:15)
  A jorogumo (Spider:3)
  4 ice dragons (IceCv)
  A death knight (D:15)
  A radroach (Spider:3)
  3 centaur warriors
  2 dancing weapons (D:13)
  3 two-headed ogres
  4 ironbound frosthearts (IceCv)
  3 tengu warriors
  3 boulder beetles
  8 death yaks
  An orc high priest (Orc:2)
  A deep troll shaman (Lair:5)
  Sonja (D:13)
  6 skeletal warriors
  Lodul (D:13)
  2 pharaoh ants
  2 orb spiders
  An orange crystal statue (IceCv)
  4 deep elf pyromancers
  A phantasmal warrior (D:15)
  2 orc knights
  A wizard (D:14)
  5 steelbarb worms
  10 wolf spiders
  16 ugly things
  5 orc sorcerers (Orc:2)
  3 manticores
  6 cyclopes
  A moth of wrath (Spider:2)
  7 demonic crawlers
  2 black mambas
  9 elephants
  2 gargoyles (D:11)
  3 torpor snails
  Maggie (D:7)
  Psyche (D:8)
  12 cane toads
  2 unseen horrors
  10 rime drakes (IceCv)
  2 efreet
  7 komodo dragons
  A yaktaur (D:14)
  2 tengu conjurers
  8 trolls
  8 polar bears
  21 tarantellas
  23 blink frogs
  A wind drake (Lair:2)
  2 dream sheep (Lair:3)
  19 culicivoras
  13 slime creatures (D:13)
  Sigmund (D:3)
  13 jumping spiders
  4 wraiths
  2 shadows
  A vampire (D:13)
  49 yaks
  3 fire elementals
  9 wyverns
  4 basilisks
  A hog (Lair:4)
  44 redbacks
  A steam dragon (D:7)
  3 wargs
  4 vampire mosquitoes
  4 acid dragons
  12 water moccasins
  22 orc warriors
  2 sky beasts
  A black bear (shapeshifter) (D:8)
  3 black bears
  An ice beast (D:7)
  12 ogres
  26 wolves
  17 centaurs
  2 kobold brigands
  A necrophage (D:7)
  13 bullfrogs
  A gnoll sergeant (D:8)
  3 scorpions
  23 wights
  10 killer bees
  A howler monkey (D:8)
  2 electric eels (Lair:3)
  2 jellies
  4 hounds
  2 gnoll boudas
  22 orc priests
  Crazy Yiuf (D:7)
  7 iguanas
  37 orc wizards
  14 gnolls
  15 adders
  6 river rats
  2 shadow imps
  An ufetubus (D:7)
  8 worms
  3 dart slugs
  80 orcs
  9 ball pythons
  11 endoplasms
  4 giant cockroaches
  10 goblins
  8 hobgoblins
  11 jackals
  20 kobolds
  3 quokkas
  10 bats
  2 frilled lizards
  15 rats
876 creatures vanquished.

Vanquished Creatures (collateral kills)
  Azrael (Spider:2)
  A dire elephant (Lair:5)
  A catoblepas (Lair:5)
  A two-headed ogre (D:11)
  3 death yaks (Lair:5)
  A pharaoh ant (Spider:2)
  2 orb spiders (Spider:2)
  An ugly thing (IceCv)
  A komodo dragon (Lair:5)
  A troll (Orc:2)
  A blink frog (Lair:4)
  3 jumping spiders (Spider:2)
  2 culicivoras (Spider:2)
  2 fire elementals (Spider:2)
  A wyvern (Lair:4)
  5 yaks
  3 redbacks (Spider:2)
  A basilisk (Lair:4)
  A hog (Lair:4)
  A hell hound (Spider:2)
  An orc warrior (Orc:2)
  A black bear (Lair:1)
  14 wolves (Lair:1)
  An orc (Orc:2)
50 creatures vanquished.

Vanquished Creatures (others)
  A blink frog (Lair:2)
  A jumping spider (Spider:2)
  A culicivora (Spider:2)
  A redback (Spider:2)
  An orc wizard (Orc:2)
  A bush (Lair:5)
  24 fungi
  47 plants
77 creatures vanquished.

Grand Total: 1003 creatures vanquished

Notes
Turn   | Place    | Note
-------+----------+-------------------------------------------
     0 | D:5      | Flugkiller the Octopode Delver began the quest for the Orb.
     0 | D:5      | Reached XP level 1. HP: 16/16 MP: 1/1
    11 | D:4      | Found a shimmering altar of Xom.
   150 | D:3      | Reached XP level 2. HP: 18/21 MP: 2/2
   230 | D:3      | Noticed Grinder
   518 | D:1      | Reached skill level 3 in Dodging
   648 | D:1      | Reached XP level 3. HP: 19/26 MP: 3/3
  1180 | D:1      | Reached skill level 4 in Dodging
  1757 | D:2      | Reached XP level 4. HP: 31/31 MP: 4/4
  2341 | D:3      | Found a shimmering blue altar of Sif Muna.
  2505 | D:3      | Noticed Sigmund
  2892 | D:3      | Killed Sigmund
  2893 | D:3      | Reached skill level 5 in Dodging
  2893 | D:3      | Reached XP level 5. HP: 37/37 MP: 5/5
  2893 | D:3      | Reached XP level 6. HP: 43/43 MP: 6/6
  3314 | D:4      | Noticed a black bear
  3331 | D:4      | Killed a black bear
  3332 | D:4      | Reached XP level 7. HP: 49/49 MP: 4/7
  3580 | D:5      | Found a shadowy altar of Dithmenos.
  3603 | D:5      | Reached skill level 5 in Fighting
  3902 | D:5      | Identified the +2 leather armour "Ekhotraf" {MP+9 Slay+2}
  4069 | D:5      | Reached skill level 6 in Dodging
  4120 | D:5      | Reached XP level 8. HP: 52/55 MP: 5/8
  4258 | D:5      | Found a basalt altar of Yredelemnul.
  4731 | D:6      | Reached skill level 7 in Dodging
  4883 | D:6      | Found a glowing drain.
  4891 | Sewer    | Entered a sewer
  5190 | Sewer    | Reached skill level 5 in Short Blades
  5361 | D:6      | Found a sparkling altar of Nemelex Xobeh.
  6148 | D:6      | Became a worshipper of Nemelex Xobeh the Trickster
  6240 | D:7      | Noticed Joseph
  6273 | D:7      | Reached skill level 1 in Invocations
  6281 | D:7      | Found a stormy altar of Qazlal.
  6307 | D:7      | Found a runed translucent door.
  6308 | D:7      | Noticed Crazy Yiuf
  6325 | D:7      | Killed Crazy Yiuf
  6394 | D:7      | Found Hohaniutt's Jewellery Shoppe.
  6405 | D:7      | Bought a +6 ring of dexterity for 360 gold pieces
  6517 | D:7      | Noticed Maggie
  6574 | D:7      | Reached skill level 8 in Dodging
  6574 | D:7      | Reached XP level 9. HP: 61/61 MP: 9/11
  6804 | D:7      | Killed Maggie
  6844 | D:7      | Found a staircase to the Ecumenical Temple.
  6931 | D:7      | Reached * piety under Nemelex Xobeh
  7239 | D:7      | Received a gift from Nemelex Xobeh
  7449 | D:8      | Noticed a troll
  7587 | D:8      | Found a runed translucent door.
  7640 | D:8      | Reached skill level 9 in Dodging
  7640 | D:8      | Reached skill level 5 in Invocations
  7822 | D:8      | Reached skill level 1 in Long Blades
  7822 | D:8      | Reached skill level 1 in Evocations
  8205 | D:8      | Found an opulent altar of Gozag.
  8350 | D:8      | Reached XP level 10. HP: 27/66 MP: 6/14
  8430 | D:8      | Noticed a centaur warrior
  8430 | D:8      | Noticed a brown ugly thing
  8430 | D:8      | Noticed a two-headed ogre
  8430 | D:8      | Noticed a tengu warrior
  8430 | D:8      | Noticed a two-headed ogre
  8430 | D:8      | Noticed a tengu warrior
  8616 | D:8      | Found a broken altar of Ashenzari.
  8616 | D:8      | Found a hide-covered altar of Uskayaw.
  8673 | D:8      | Noticed Psyche
  8686 | D:8      | Killed Psyche
  8779 | D:8      | Reached ** piety under Nemelex Xobeh
  8779 | D:8      | Received a gift from Nemelex Xobeh
  8854 | D:8      | Noticed mopl's ghost (novice MiDe)
  8858 | D:8      | Identified the ring "Zuake" {Wiz Fly Dex+3}
  9601 | D:9      | Found a staircase to the Orcish Mines.
  9655 | D:9      | Noticed Amaemon
  9845 | D:9      | Reached skill level 10 in Dodging
 10375 | D:9      | Found an iron altar of Okawaru.
 10886 | D:9      | Noticed an orange demon
 10999 | D:9      | Identified a scroll of acquirement
 10999 | D:9      | Acquired 819 gold pieces
 11046 | D:10     | Entered Level 10 of the Dungeon
 11085 | D:10     | Found a burning altar of Makhleb.
 11153 | D:10     | Reached skill level 11 in Dodging
 11155 | D:10     | Reached XP level 11. HP: 73/75 MP: 15/15
 11312 | D:10     | Reached skill level 5 in Long Blades
 11407 | D:10     | Found a runed translucent door.
 11407 | D:10     | Found a shimmering altar of Xom.
 11407 | D:10     | Noticed a +2 rapier of chaos
 11407 | D:10     | Noticed PaleRider's ghost (journeyman TrFi)
 11458 | D:10     | Noticed a tengu warrior
 11475 | D:10     | Killed a tengu warrior
 11608 | D:10     | Noticed a two-headed ogre
 11719 | D:10     | Identified the +1 quarterstaff of Responsibility {heavy,
                  | rCorr Dex+5 SInv}
 11736 | D:10     | Found a glowing golden altar of the Shining One.
 12035 | D:11     | Found a staircase to the Lair.
 12812 | D:11     | Reached *** piety under Nemelex Xobeh
 12917 | D:11     | Received a gift from Nemelex Xobeh
 12979 | D:11     | Reached XP level 12. HP: 49/85 MP: 11/18
 13112 | D:11     | Noticed a two-headed ogre
 13446 | D:11     | Killed a two-headed ogre
 13846 | Lair:1   | Entered Level 1 of the Lair of Beasts
 14210 | Lair:1   | Reached skill level 10 in Fighting
 14277 | Lair:1   | Reached skill level 10 in Invocations
 14692 | Lair:2   | Found a staircase to the Shoals.
 14758 | Lair:2   | Received a gift from Nemelex Xobeh
 14868 | Lair:2   | Reached skill level 12 in Dodging
 15053 | Lair:2   | Found a hole to the Spider Nest.
 15089 | Lair:2   | Reached XP level 13. HP: 92/92 MP: 20/20
 15121 | Lair:2   | Reached **** piety under Nemelex Xobeh
 15176 | Lair:2   | Received a gift from Nemelex Xobeh
 15366 | Lair:2   | Reached skill level 13 in Dodging
 15838 | Lair:3   | Received a gift from Nemelex Xobeh
 16203 | Lair:3   | Received a gift from Nemelex Xobeh
 16452 | Lair:3   | Reached skill level 10 in Long Blades
 17098 | Lair:4   | Acquired the Hermit's Pendant {Faith Invo=14 Evo=0 MP+5}
 17098 | Lair:4   | Found the Hermit's Pendant {Faith Invo=14 Evo=0 MP+5}
 17357 | Lair:4   | Received a gift from Nemelex Xobeh
 17367 | Lair:4   | Found a staircase to the Slime Pits.
 17542 | Lair:4   | Reached ***** piety under Nemelex Xobeh
 17546 | Lair:4   | Noticed Kirke
 17561 | Lair:4   | Reached skill level 14 in Dodging
 17586 | Lair:4   | Killed Kirke
 17888 | Lair:4   | Received a gift from Nemelex Xobeh
 17936 | Lair:4   | Gained mutation: You are occasionally teleported next to
                  | monsters. [potion of mutation]
 17936 | Lair:4   | Gained mutation: You are agile. (Dex +4, Str/Int -1)
                  | [potion of mutation]
 17937 | Lair:4   | Lost mutation: You are agile. (Dex +4, Str/Int -1) [potion
                  | of mutation]
 17937 | Lair:4   | Lost mutation: You are occasionally teleported next to
                  | monsters. [potion of mutation]
 17937 | Lair:4   | Gained mutation: You have a beak for a mouth. [potion of
                  | mutation]
 17937 | Lair:4   | Gained mutation: You expend magic power (3 MP) to
                  | strengthen your wands. [potion of mutation]
 17937 | Lair:4   | Gained mutation: You passively dampen the noise of your
                  | surroundings. [potion of mutation]
 18201 | Lair:5   | Entered Level 5 of the Lair of Beasts
 18205 | Lair:5   | Reached XP level 14. HP: 101/101 MP: 24/24
 18260 | Lair:5   | Received a gift from Nemelex Xobeh
 18909 | Lair:5   | Received a gift from Nemelex Xobeh
 18959 | Lair:5   | Reached skill level 15 in Dodging
 19905 | Lair:5   | Noticed a dire elephant
 20095 | Lair:5   | Killed a dire elephant
 20706 | Lair:5   | Received a gift from Nemelex Xobeh
 21053 | D:7      | Bought the ring "Udeu" {rPois SInv} for 262 gold pieces
 21152 | D:12     | Noticed Jorgrun
 21433 | D:12     | Identified the ring "Motweodish" {rPois rF+++ Str+7 Int-3
                  | SInv}
 21550 | D:12     | Found a runed translucent gate.
 21551 | D:12     | Found a runed translucent gate.
 21552 | D:12     | Found a runed translucent gate.
 22046 | D:12     | Noticed Cooqonn's ghost (journeyman DsVM)
 22239 | D:13     | Noticed Sonja
 22244 | D:13     | Killed Sonja
 22285 | D:13     | Found a runed translucent door.
 22285 | D:13     | Noticed Flippered's ghost (journeyman GrFE)
 22286 | D:13     | Reached ****** piety under Nemelex Xobeh
 22721 | D:13     | Reached XP level 15. HP: 100/109 MP: 25/25
 23056 | D:13     | Noticed Snorg
 23122 | D:13     | Received a gift from Nemelex Xobeh
 23134 | D:13     | Killed Snorg
 23245 | D:13     | Noticed Lodul
 23259 | D:13     | Killed Lodul
 23405 | D:13     | Found a gate to the Vaults.
 23901 | D:14     | Found a frozen archway.
 23909 | IceCv    | Entered an ice cave
 24317 | IceCv    | Received a gift from Nemelex Xobeh
 24727 | IceCv    | Reached skill level 16 in Dodging
 25569 | IceCv    | Noticed a frost giant
 25569 | IceCv    | Noticed a frost giant
 25857 | D:14     | Reached skill level 1 in Shields
 25915 | D:14     | Received a gift from Nemelex Xobeh
 26806 | D:15     | Entered Level 15 of the Dungeon
 26855 | D:15     | Found a blossoming altar of Fedhas.
 26969 | D:15     | Found a hide-covered altar of Uskayaw.
 27137 | D:15     | HP: 4/113 [phantasmal warrior[a death knight] (36)]
 27148 | D:15     | Reached XP level 16. HP: 26/119 MP: 26/26
 27397 | D:15     | Received a gift from Nemelex Xobeh
 27588 | D:15     | Reached skill level 17 in Dodging
 27908 | D:15     | Received a gift from Nemelex Xobeh
 27923 | D:15     | Found a staircase to the Depths.
 27935 | D:15     | Reached skill level 5 in Shields
 28215 | Orc:1    | Entered Level 1 of the Orcish Mines
 28454 | Orc:2    | Entered Level 2 of the Orcish Mines
 28579 | Orc:2    | Noticed Saint Roka
 28595 | Orc:2    | Killed Saint Roka
 28736 | Orc:1    | Received a gift from Nemelex Xobeh
 28824 | Orc:1    | Received a gift from Nemelex Xobeh
 29081 | Orc:2    | Found a runed translucent door.
 29089 | Orc:2    | Noticed Ge0ff's ghost (journeyman DECA)
 29176 | Orc:2    | Found Kareum's Antique Weapon Shoppe.
 29176 | Orc:2    | Found Xureoc's General Store.
 29176 | Orc:2    | Found Winoitiost's Assorted Antiques.
 29193 | Orc:2    | Found Pousch's Magic Scroll Emporium.
 29197 | Orc:2    | Paralysed by an orc sorcerer for 5 turns
 29223 | Orc:2    | Received a gift from Nemelex Xobeh
 29465 | Orc:2    | Bought a potion of heal wounds for 145 gold pieces
 29465 | Orc:2    | Bought a potion of heal wounds for 145 gold pieces
 29465 | Orc:2    | Bought a scroll labelled TAOH FUHECSUUM for 29 gold pieces
 29470 | Orc:2    | Bought a sapphire potion for 26 gold pieces
 29489 | Orc:2    | Found a staircase to the Elven Halls.
 29821 | Orc:2    | Killed Ge0ff's ghost
 30020 | Spider:1 | Entered Level 1 of the Spider Nest
 30043 | Spider:1 | Received a gift from Nemelex Xobeh
 30100 | Spider:1 | Received a gift from Nemelex Xobeh
 30594 | Spider:1 | Identified the +0 rapier "Kuricza" {flame, rElec rPois rC+}
 31089 | Spider:1 | Reached skill level 18 in Dodging
 31288 | Spider:1 | Received a gift from Nemelex Xobeh
 31405 | Spider:2 | You are sucked into a shaft and drop 1 floor!
 31618 | Spider:2 | Noticed Roxanne
 31618 | Spider:2 | Noticed Azrael
 31855 | Spider:3 | Reached skill level 10 in Shields
 31856 | Spider:3 | Received a gift from Nemelex Xobeh
 31955 | Spider:2 | Killed Azrael
 31956 | Spider:2 | Reached XP level 17. HP: 105/125 MP: 27/27
 32673 | Spider:2 | Identified the +1 whip "Qus Fiom" {spect, rC+ MP+9}
 32769 | Spider:2 | Received a gift from Nemelex Xobeh
 32821 | Spider:2 | HP: 4/125 [demonic crawler (17)]
 32821 | Spider:2 | Slain by a demonic crawler

Illustrated notes

Levels and vault maps discovered:
D:1:      dpeg_arrival_ratfight, layout_loops_corners
D:2:      layout_basic
D:3:      layout_basic, overflow_temple_1_default, uniq_sigmund, uniq_grinder
D:4:      layout_rooms, xom_butterflies, minivault_19
D:5:      layout_cave_pods, mainiacjoe_overflow_catwalk, kennysheep_mini_moat,
          serial_bayou_pond_b, minmay_manual_mandibuliform
D:6:      layout_rooms, nemelex_dance_club_becter, lightli_sewer_entry_pipes
D:7:      layout_gridville, lemuel_tele_altar, temple_fountains, serial_shops,
          nicolae_inconvenience_store, uniq_crazy_yiuf_cottage, uniq_joseph,
          uniq_maggie
D:8:      minmay_the_grid_triangle_9x9_rhombus_thin
          [minmay_the_grid_triangle_9x9_sparse_checkered,
          minmay_the_grid_triangle_9x9_prize_top_heavy,
          minmay_the_grid_triangle_9x9_thin_v,
          minmay_the_grid_triangle_9x9_cache], layout_loops_corners,
          grunt_gozag_breadcrumbs, nicolae_overflow_two_pavilions,
          ebering_ghost_inner_flame, st_stairs_6, uniq_psyche
D:9:      layout_loops_ring, kennysheep_mini, orc_0_dummy, enter_bailey_4,
          special_room [special_room_orc], uniq_amaemon
D:10:     layout_roguey, tso_altar, mainiacjoe_overflow_concentric_impassable,
          ebering_ghost_xom
D:11:     layout_basic, minmay_lair_entry_grove, minivault_22
D:12:     layout_irregular_city, maelrawn_ghost_gauntlet_escape, uniq_jorgrun
D:13:     layout_basic, erik_vaults_1, hellmonk_ghost_happy_afterlife,
          grunt_ministairs_3, uniq_lodul, uniq_snorg, uniq_sonja
D:14:     layout_irregular_city, dreamdust_wishing_well,
          portal_ice_cave_entry_pillars_three, minmay_librarian
D:15:     grunt_enter_depths_snipers, layout_long_grid, fedhas_altar_2,
          nicolae_uskayaw_suspiria
Lair:1:   layout_concentric_octagons, grunt_forest_large_clearings
Lair:2:   layout_long_grid, minmay_shoals_entry_beasts,
          hellmonk_spider_entry_life_and_decay, serial_bayou_shore_a
Lair:3:   layout_chaotic_city, wad_woods_river_01
Lair:4:   layout_cave_pods, slime_entry_1, uniq_kirke
Lair:5:   grunt_lair_end_beastmaster, layout_layer_cave
Spider:1: layout_spider_delve
Spider:2: layout_spider_delve, nicolae_crawler_farm, uniq_roxanne, uniq_azrael
Spider:3: layout_spider_delve
Orc:1:    layout_diamond_mine
Orc:2:    st_orc_mages, layout_caves, ebering_ghost_reflecting_pool,
          mines_bat_river, uniq_saint_roka

Skill      XL: |  1  2  3  4  5  6  7  8  9 10 11 12 13 14 15 16 17 |
---------------+----------------------------------------------------+-----
Dodging        | 3 4 5 6 8 9 11 12 14 15 16 18 | 18.0
Fighting       | 4 5 7 9 10 11 12 14 | 14.0
Short Blades   | 3 4 6 |  6.0
Stealth        | 8 |  8.0
Invocations    | 2 6 8 10 | 10.0
Long Blades    | 2 4 7 9 11 13 | 13.4
Evocations     | 2 4 |  4.0
Shields        | 4 10 12 | 12.4

Action                     |  1- 3 |  4- 6 |  7- 9 | 10-12 | 13-15 | 16-18 || total
---------------------------+-------+-------+-------+-------+-------+-------++-------
  Melee: Short sword       |    20 |       |       |       |       |       ||    20
         Constrict         |    17 |    13 |    60 |    90 |    85 |   140 ||   405
         Tentacles         |    15 |    15 |    95 |   115 |   230 |   177 ||   647
         Dagger            |    51 |    72 |   320 |       |       |       ||   443
         Punch             |       |     1 |     7 |     9 |    13 |     9 ||    39
         Scimitar          |       |       |    29 |   480 |   736 |   578 ||  1823
         Unarmed           |       |       |       |     4 |       |       ||     4
         Peck              |       |       |       |       |   148 |   175 ||   323
  Throw: Boomerang         |       |       |     4 |     1 |     9 |       ||    14
 Invoke: Draw Destruction  |       |       |       |     4 |    31 |     2 ||    37
         Draw Summoning    |       |       |       |     3 |    11 |     4 ||    18
         Draw Escape       |       |       |       |       |     1 |       ||     1
  Evoke: Piece from Xom's  |       |     1 |     6 |       |       |       ||     7
         Wand              |       |       |     5 |     7 |     5 |       ||    17
    Use: Scroll            |       |     4 |     6 |    15 |    16 |    12 ||    53
         Potion            |       |       |     1 |     7 |     7 |     3 ||    18
   Stab: Sleeping          |    21 |    20 |    33 |    20 |    28 |    30 ||   152
         Petrified         |       |     1 |       |       |    11 |       ||    12
         Petrifying        |       |     1 |       |       |     2 |       ||     3
         Distracted        |       |       |     5 |     5 |     9 |     3 ||    22
         Confused          |       |       |     2 |       |       |       ||     2
         Invisible         |       |       |       |       |       |     8 ||     8
 Armour: Skin              |     3 |     2 |    11 |     7 |    13 |    23 ||    59
  Dodge: Dodged            |    24 |    26 |   261 |   610 |   623 |   381 ||  1925
  Block: Tower shield      |       |       |       |       |    94 |   793 ||   887

Table legend: (Time is in decaauts)
 A = Elapsed time spent in this place.
 B = Non-inter-level travel time spent in this place.
 C = Inter-level travel time spent in this place.
 D = Time resting spent in this place.
 E = Time spent auto-exploring this place.
 F = Levels seen in this place.
 G = Mean time per level.
                   A        B        C        D        E       F      G
               +--------+--------+--------+--------+--------+-----+--------+
         Total |  32672 |  30730 |   1942 |   9068 |  14064 |  27 | 1210.1 |
       Dungeon |  19026 |  17425 |   1601 |   4543 |   8942 |  15 | 1268.4 |
          Lair |   6928 |   6711 |    217 |   2015 |   3130 |   5 | 1385.6 |
   Spider Nest |   2813 |   2781 |     32 |    994 |    952 |   3 |  937.7 |
  Orcish Mines |   1697 |   1606 |     91 |    309 |    736 |   2 |  848.5 |
         Sewer |    346 |    346 |      0 |     78 |    136 |   1 |  346.0 |
      Ice Cave |   1860 |   1860 |      0 |   1129 |    168 |   1 | 1860.0 |
               +--------+--------+--------+--------+--------+-----+--------+

Top non-repeatable levels by time:
  Lair:5: 2440 daAuts
     D:8: 2009 daAuts
   IceCv: 1860 daAuts
    D:11: 1820 daAuts
     D:9: 1638 daAuts
    D:13: 1616 daAuts
  Lair:4: 1576 daAuts
     D:5: 1433 daAuts
    D:10: 1397 daAuts
Spider:1: 1384 daAuts
    D:15: 1268 daAuts
  Lair:2: 1267 daAuts
   Orc:2: 1169 daAuts
    D:12: 1167 daAuts
     D:3: 1121 daAuts
